 Dungeon Crawl Stone Soup version 0.30.0-7-g0c4daa9e05 (webtiles) character file.

Game seed: 2592259426092629074

634611 Kenran the Wrestler (level 27, -1/188 HPs)
             Began as a Gargoyle Brigand on May 13, 2023.
             Was the Champion of the Shining One.
             Slain by a quicksilver dragon (12 damage)
             ... on level 4 of the Realm of Zot.
             The game lasted 02:40:10 (56487 turns).

Kenran the Wrestler (Gargoyle Brigand)             Turns: 56487, Time: 02:40:10

Health: -1/188     AC: 18    Str: 27    XL:     27
Magic:  15/37      EV: 22    Int: 14    God:    the Shining One [******]
Gold:   1041       SH:  0    Dex: 11    Spells: 26/26 levels left

rFire   + .          .
                       - Unarmed
rCold   + + .        O - melded +1 kite shield {AC+3}
rNeg    + + +        j - melded +10 plate armour {rF+} rPois โˆž
                     I - melded +1 hat of Loxeix {rF+ Dex+4 SInv}
rElec   +            c - melded +2 cloak {Will+}
rCorr   +            n - melded +0 pair of gloves "Curphakhly" {Stlth+}
SInv    .            i - melded +2 pair of boots
Will    ++...        w - melded amulet "Anoluhaq" {RegenMP Regen+}
Stlth   +            e - melded +5 ring of evasion
HPRegen 0.51/turn    Z - melded ring of Res Nullius {rPois rC+ Will+ Dex+5}
MPRegen 0.25/turn

%: no passive effects
@: wisp-form, fire vulnerable, flying, glowing, studying Ranged Weapons, unable
to read, unable to drink
A: insubstantial, flying, no casting, sickness immunity, AC +20, tiny, (big
wings), negative energy resistance 1, (electricity resistance), torment
resistance 1, petrification resistance, inability to read after injury 2
}: 3/15 runes: serpentine, barnacled, abyssal
a: Renounce Religion, Divine Shield, Cleansing Flame, Summon Divine Warrior


You were on level 4 of the Realm of Zot.
You worshipped the Shining One.
The Shining One was exalted by your worship.
You were an insubstantial wisp.
You visited 10 branches of the dungeon, and saw 47 of its levels.
You visited the Abyss 5 times.
You also visited: Ossuary, Gauntlet and Ice Cave.

You collected 8693 gold pieces.
You spent 7652 gold pieces at shops.


Innate Abilities, Weirdness & Mutations

You are an insubstantial wisp.
Your tiny insubstantial body is highly resistant to most damage types.
You are flying.
Your equipment is entirely melded.
You are incapable of wielding weapons or throwing items.
You cannot cast spells.
You are immune to sickness and miasma.
((Your stone body is resilient. (AC +20)))
You are immune to poison.
((Your large and strong wings let you fly.))
You resist negative energy. (rN+)
((You are resistant to electric shocks. (rElec)))
You are resistant to unholy torment.
You are immune to petrification.
You sometimes lose the ability to read scrolls when taking damage.


   Skills:
 - Level 23.0 Fighting
 - Level 1.7 Short Blades
 - Level 14.1 Axes
 - Level 1.7 Throwing
 - Level 22.0 Armour
 - Level 8.0 Dodging
 - Level 4.3 Stealth
 - Level 15.0 Shields
 + Level 25.0 Unarmed Combat
 - Level 20.0 Invocations
 - Level 12.0 Evocations


You had 26 spell levels left.
You didn't know any spells.
Your spell library contained the following spells:

 Spells                   Type           Power      Damage    Failure   Level
 Apportation              Tloc           0%         N/A       28%         1
 Beastly Appendage        Tmut           0%         N/A       28%         1
 Freeze                   Ice            0%         1d3       28%         1
 Magic Dart               Conj           0%         1d3       28%         1
 Necrotise                Necr           0%         1d4       28%         1
 Shock                    Conj/Air       0%         1d3       28%         1
 Sting                    Tmut/Pois      0%         1d3       28%         1
 Blink                    Tloc           0%         N/A       41%         2
 Call Imp                 Summ           0%         N/A       41%         2
 Ensorcelled Hibernation  Hex/Ice        0%         N/A       41%         2
 Poisonous Vapours        Pois/Air       0%         N/A       41%         2
 Scorch                   Fire           0%         2d5       41%         2
 Static Discharge         Conj/Air       0%         2-2/arc   41%         2
 Wereblood                Tmut           0%         N/A       41%         2
 Dazzling Flash           Conj/Hex       0%         N/A       65%         3
 Frozen Ramparts          Ice            0%         1d1       65%         3
 Gell's Gravitas          Tloc           0%         N/A       65%         3
 Hailstorm                Conj/Ice       0%         3d3       65%         3
 Ignite Poison            Fire/Tmut/Pois 0%         N/A       65%         3
 Inner Flame              Hex/Fire       0%         N/A       65%         3
 Mephitic Cloud           Conj/Pois/Air  0%         N/A       65%         3
 Ozocubu's Armour         Ice            0%         N/A       65%         3
 Portal Projectile        Hex/Tloc       0%         N/A       65%         3
 Spider Form              Tmut/Pois      0%         N/A       65%         3
 Stone Arrow              Conj/Erth      0%         3d7       65%         3
 Summon Guardian Golem    Hex/Summ       0%         N/A       65%         3
 Swiftness                Air            0%         N/A       65%         3
 Teleport Other           Tloc           0%         N/A       65%         3
 Tukima's Dance           Hex            0%         N/A       65%         3
 Vampiric Draining        Necr           0%         2d6       65%         3
 Volatile Blastmotes      Fire/Tloc      0%         2d10      65%         3
 Airstrike                Air            0%         2d(0-16)  96%         4
 Anguish                  Hex/Necr       0%         N/A       96%         4
 Animate Armour           Summ/Erth      0%         N/A       96%         4
 Animate Dead             Necr           0%         N/A       96%         4
 Cause Fear               Hex            0%         N/A       96%         4
 Flame Wave               Conj/Fire      0%         2d4       96%         4
 Fulminant Prism          Conj/Hex       0%         3d5       96%         4
 Ice Form                 Ice/Tmut       0%         N/A       96%         4
 Iskenderun's Mystic Bla  Conj/Tloc      0%         2d3       96%         4
 Leda's Liquefaction      Hex/Erth       0%         N/A       96%         4
 Manifold Assault         Tloc           0%         N/A       96%         4
 Olgreb's Toxic Radiance  Pois           0%         N/A       96%         4
 Passage of Golubria      Tloc           0%         N/A       96%         4
 Sticky Flame             Conj/Fire      0%         2d3       96%         4
 Summon Ice Beast         Ice/Summ       0%         N/A       96%         4
 Summon Lightning Spire   Summ/Air       0%         N/A       96%         4
 Agony                    Necr           0%         N/A       100%        5
 Alistair's Intoxication  Tmut/Pois      0%         N/A       100%        5
 Blade Hands              Tmut           0%         N/A       100%        5
 Borgnjor's Vile Clutch   Necr/Erth      0%         N/A       100%        5
 Freezing Cloud           Conj/Ice/Air   0%         6-21      100%        5
 Iskenderun's Battlesphe  Conj           0%         2d6       100%        5
 Lee's Rapid Deconstruct  Erth           0%         3d4*      100%        5
 Yara's Violent Unravell  Hex/Tmut       0%         3d3       100%        5
 Conjure Ball Lightning   Conj/Air       0%         3x3d6     100%        6
 Death Channel            Necr           0%         N/A       100%        6
 Dispersal                Tloc           0%         N/A       100%        6
 Eringya's Noxious Bog    Tmut/Pois      0%         N/A       100%        6
 Iron Shot                Conj/Erth      0%         9d1       100%        6
 Simulacrum               Ice/Necr       0%         N/A       100%        6
 Starburst                Conj/Fire      0%         6d3       100%        6
 Summon Cactus Giant      Summ           0%         N/A       100%        6
 Dragon Form              Tmut           0%         N/A       100%        7
 Haunt                    Necr/Summ      0%         N/A       100%        7
 Orb of Destruction       Conj           0%         9d5       100%        7
 Ozocubu's Refrigeration  Ice            0%         4d7       100%        7
 Spellforged Servitor     Conj/Summ      0%         N/A       100%        7
 Storm Form               Tmut/Air       0%         N/A       100%        7
 Infestation              Necr           0%         N/A       100%        8
 Lehudib's Crystal Spear  Conj/Erth      0%         10d2      100%        8
 Necromutation            Tmut/Necr      0%         N/A       100%        8
 Dragon's Call            Summ           0%         N/A       100%        9
 Fire Storm               Conj/Fire      0%         5d1       100%        9
 Polar Vortex             Ice            0%         N/A       100%        9
 Statue Form              Tmut/Erth      Unusable   N/A       N/A         6

Inventory:

Hand Weapons
 a - a +9 broad axe of holy wrath {forbidden}
   (You took it off Maggie on level 7 of the Dungeon)
Missiles
 A - 3 throwing nets {=f!f}
 W - 14 curare-tipped darts {=f}
Armour
 c - a +2 cloak of willpower (melded)
   (You took it off a draconian stormcaller on level 3 of the Realm of Zot)
 i - a +2 pair of boots (melded)
   (You found it on level 3 of the Lair of Beasts)
 j - a +10 plate armour of fire resistance (melded)
   (You took it off an orc warlord on level 2 of the Orcish Mines)
 n - the +0 pair of gloves "Curphakhly" (melded) {Stlth+}
   (You found it in a Gauntlet)

   Stlth:     It makes you more stealthy.
 F - the +18 shield of the Gong {Loud rN+ Will+ rCorr EV-5}
   (You found it on level 2 of the Vaults)

   Loud:      It is deafeningly noisy when blocking attacks.
   EV:        It affects your evasion (-5).
   rN:        It protects you from negative energy.
   rCorr:     It protects you from acid and corrosion.
   Will:      It increases your willpower.
 I - the +1 hat of Loxeix (melded) {rF+ Dex+4 SInv}
   (You acquired it on level 2 of the Snake Pit)

   Dex:       It affects your dexterity (+4).
   rF:        It protects you from fire.
   SInv:      It lets you see invisible.
 O - a +1 kite shield of protection (melded)
   (You took it off a naga warrior on level 4 of the Snake Pit)
 P - the +3 warlock's mirror {omnireflect}
   (You took it off a deep elf sorcerer on level 2 of the Elven Halls)

   Omnireflect: It can block and reflect piercing ranged attacks and magical
   attacks against the wielder's willpower.
Jewellery
 e - a +5 ring of evasion (melded)
   (You found it on level 8 of the Dungeon)
 w - the amulet "Anoluhaq" (melded) {RegenMP Regen+}
   (You found it on level 6 of the Dungeon)

   [amulet of magic regeneration]

   It increases your rate of magic regeneration.
   Regen:     It increases your rate of health regeneration.
 C - a ring of protection from cold
   (You took it off a frost giant on level 3 of the Depths)
 D - the amulet "Wischaridd" {rN+ Regen+}
   (You found it on level 1 of the Realm of Zot)

   [amulet of regeneration]

   rN:        It protects you from negative energy.
   Regen:     It increases your rate of health regeneration.
 Z - the ring of Res Nullius (melded) {rPois rC+ Will+ Dex+5}
   (You took it off a deep elf demonologist on level 3 of the Elven Halls)

   [ring of willpower]

   Dex:       It affects your dexterity (+5).
   rC:        It protects you from cold.
   rPois:     It protects you from poison.
   Will:      It increases your willpower.
Wands
 h - a wand of mindburst (48)
   (You took it off Amaemon on level 8 of the Dungeon)
 s - a wand of charming (98)
   (You found it on level 4 of the Dungeon)
 t - a wand of polymorph (38)
   (You took it off a kobold on level 3 of the Dungeon)
 B - a wand of light (29)
   (You found it on level 7 of the Dungeon)
 Q - a wand of digging (19)
   (You found it on level 1 of the Lair of Beasts)
 R - a wand of iceblast (37)
   (You found it on level 1 of the Lair of Beasts)
 V - a wand of flame (116)
   (You found it on level 2 of the Lair of Beasts)
Scrolls
 f - 6 scrolls of vulnerability {!r!r}
 o - 15 scrolls of magic mapping {!r}
 q - 10 scrolls of fog
 u - 15 scrolls of teleportation {@r4}
 y - 11 scrolls of immolation {!r!r}
 E - a scroll of enchant armour
 G - 9 scrolls of blinking {!r}
 J - 7 scrolls of poison
 T - 8 scrolls of fear
 U - 3 scrolls of silence {!r}
Potions
 b - 7 potions of haste {@q3}
 d - 4 potions of mutation {!q}
 l - 32 potions of curing {@q1}
 m - 16 potions of ambrosia
 p - 10 potions of flight
 r - 11 potions of brilliance
 v - 8 potions of cancellation
 x - 3 potions of lignification {!q}
 z - 15 potions of attraction {!q}
 K - 5 potions of berserk rage {!q}
 L - 12 potions of might
 M - 2 potions of invisibility
 S - 7 potions of heal wounds {@q2}
 X - 8 potions of resistance
 Y - 7 potions of magic
Miscellaneous
 g - a phial of floods
   (You found it on level 13 of the Dungeon)
 k - a phantom mirror
   (You found it on level 10 of the Dungeon)
 H - a box of beasts
   (You found it on level 14 of the Dungeon)
 N - a condenser vane (inert)
   (You found it on level 9 of the Dungeon)

Dungeon Overview and Level Annotations

Branches:
Dungeon (15/15) Zot: 24578  Temple (0/1) D:6            Lair (5/5) D:8 Zot: 23826
 Shoals (4/4) Lair:3 Zot: 20068   Snake (4/4) Lair:2 Zot: 19111   Slime (0/5) Lair:4
    Orc (2/2) D:10 Zot: 9731     Elf (3/3) Orc:2 Zot: 13012  Vaults (4/5) D:13 Zot: 17919
  Crypt (2/3) Vaults:3 Zot: 10473  Depths (4/4) D:15 Zot: 19983     Zot (4/5) Depths:4 Zot: 20944
Ossuary (visited)           IceCv (visited)         Gauntlet (visited)

Altars:
Cheibriados
Dithmenos
Elyvilon
Hepliaklqana
Okawaru
Qazlal
Sif Muna
Uskayaw
Vehumet
Xom
Yredelemnul
The Shining One
Jiyva

Shops:
D:7 =   Orc:1 [**   Orc:2 =[(*   Snake:1 *   Snake:2 (?*   Snake:4 *
Vaults:1 ((   Vaults:2 (*!*   Vaults:3 =   Vaults:4 !   Depths:2 !!(

Portals:
Hell: Depths:1 Depths:2 Depths:3 Depths:4
Abyss: Depths:3
Pandemonium: Depths:2 Depths:3 Depths:4
Ziggurat: Depths:3

Annotations:
D:5 2 runed translucent doors, gyole's ghost, novice SpWr
D:11 3 runed translucent doors, SharpKris's ghost, journeyman GnFi
Lair:5 2 transporters, sbaton's ghost, journeyman TrBe
Vaults:1 3 runed translucent doors, DizzySkin's ghost, veteran MiBe
Crypt:2 Bai Suzhen

##...###.... . .. ##...##..## #
..#.# ##...#.โ€ ยง######## ##
.#.. ##....)......... ##. ...
##.)).......... ##.. #..
.#######..###### ##... .##..##
...######..##########...#
......#.........p.....>........##
#<...#.....pvD..).=.......##
#...###############..######
##...# #..# #..<. ...... #.....
........ .#### ########## #


You could see 2 Killer Klowns and a quicksilver dragon.


Message History

๐Ÿ˜ฎ HP[+1]
The Killer Klown pokes you with a +11 club. ๐Ÿ˜ฎ HP[-3] MP[+1]
You take 3 damage, and now have 133/188 hp.
You hit the Killer Klown but do no damage.
You block the Killer Klown's attack. The Killer Klown pies you viciously!
The klown pie hits you.
Moon pie!
You turn into an insubstantial wisp.
Your +2 cloak of willpower melds into your body.
The +1 hat of Loxeix {rF+ Dex+4 SInv} melds into your body.
The +0 pair of gloves "Curphakhly" {Stlth+} melds into your body.
Your +2 pair of boots melds into your body.
Your +1 kite shield of protection melds into your body.
Your +10 plate armour of fire resistance melds into your body.
Your +5 ring of evasion melds into your body.
The ring of Res Nullius {rPois rC+ Will+ Dex+5} melds into your body.
The amulet "Anoluhaq" {RegenMP Regen+} melds into your body.
You feel less strong-willed.
You feel less protected.
You feel less resistant to fire. ๐Ÿ˜ฎ HP[-5]
You take 5 damage, and now have 128/188 hp.
You touch the Killer Klown!
The Killer Klown pies you viciously! The klown pie hits you!!
Blueberry!
An unnatural silence engulfs you.
You feel threatened and lose the ability to read scrolls!
The Killer Klown blinks! ๐Ÿ˜ฎ HP[-21] MP[+1]
You take 21 damage, and now have 107/188 hp.
You touch the Killer Klown.
The Killer Klown blinks! ๐Ÿ˜ฎ HP[+1]
You touch the Killer Klown!
The Killer Klown blinks!
The Killer Klown pies you viciously! The klown pie misses you.
The Killer Klown blinks!
The Killer Klown misses you.
The Killer Klown blinks!
The Killer Klown smiles at you.
Things that are here:
a +8 heavy club; a Killer Klown corpse; ๐Ÿ˜ฎ HP[+1]
The Killer Klown pies you viciously! The klown pie hits you!!
Lemon!
You feel unable to drink.
* * * LOW HITPOINT WARNING * * *
The Killer Klown beckons to you. The Killer Klown completely misses you.
The Killer Klown hits you with a +11 club.
* * * LOW HITPOINT WARNING * * *
๐Ÿ˜จ HP[-23] MP[+1]
You take 23 damage, and now have 86/188 hp.
The Killer Klown attacks as you move away!
The Killer Klown headlocks you with a +11 club.
* * * LOW HITPOINT WARNING * * *
The Killer Klown pies you viciously! The klown pie misses you. ๐Ÿ˜จ HP[-2]
You take 2 damage, and now have 84/188 hp.
The Killer Klown blinks!
The Killer Klown trip-wires you with a +11 club.
* * * LOW HITPOINT WARNING * * *
A quicksilver dragon comes into view.
The Killer Klown pies you viciously! The klown pie hits you!!
Lemon!
You feel your inability to drink will last longer.
* * * LOW HITPOINT WARNING * * *
๐Ÿ˜จ HP[-33]
You take 33 damage, and now have 51/188 hp.
The Killer Klown attacks as you move away!
The Killer Klown wrestles you with a +11 club.
* * * LOW HITPOINT WARNING * * *
The Killer Klown blinks! x2
The Killer Klown slaps you but does no damage. ๐Ÿ˜จ HP[-1] MP[+1]
You take 1 damage, and now have 50/188 hp.
The Killer Klown pounds you with a +12 club of venom!
* * * LOW HITPOINT WARNING * * *
๐Ÿ˜ฑ HP[-13]
You take 13 damage, and now have 37/188 hp.
You cannot drink potions in your current state!
The Killer Klown attacks as you move away!
The Killer Klown barely misses you.
Your hearing returns.
The Killer Klown kneecaps you but does no damage.
The Killer Klown headlocks you with a +12 club of venom.
* * * LOW HITPOINT WARNING * * *
๐Ÿ˜ฑ HP[-1]
You take 1 damage, and now have 36/188 hp.
Unknown command.
You cannot read scrolls in your current state!
Activating: Cleansing Flame (0% risk of failure)
Press: ? - help, Dir - look around, f - activate The golden flame engulfs you but does no damage.
You resist.
The golden flame engulfs the Killer Klown!
The golden flame engulfs the quicksilver dragon!!!
The golden flame engulfs the Killer Klown.
You hear a roar!
The Killer Klown pies you viciously! The klown pie hits you!!
Cherry!
You feel your vulnerability to fire will last longer.
* * * LOW HITPOINT WARNING * * *
The quicksilver dragon misses you. The quicksilver dragon claws you!
You die...

Skill      XL: |  1  2  3  4  5  6  7  8  9 10 11 12 13 14 15 16 17 18 19 20 21 22 23 24 25 26 27 |
---------------+----------------------------------------------------------------------------------+-----
Unarmed Combat | 1 2 3 12 13 14 15 16 17 18 19 20 21 22 25 | 25.0
Fighting       | 3 4 7 8 9 12 14 15 16 18 19 20 22 23 | 23.0
Armour         | 6 8 11 12 14 15 16 18 20 22 | 22.0
Dodging        | 2 4 6 7 8 |  8.0
Evocations     | 2 5 6 7 9 12 | 12.0
Invocations    | 1 2 5 9 10 11 13 15 17 18 20 | 20.0
Shields        | 6 9 11 12 14 15 | 15.0
Axes           | 9 10 11 12 14 | 14.1
Short Blades   | |  1.7
Throwing       | |  1.7
Stealth        | |  4.3

Action                     |  1- 3 |  4- 6 |  7- 9 | 10-12 | 13-15 | 16-18 | 19-21 | 22-24 | 25-27 || total
---------------------------+-------+-------+-------+-------+-------+-------+-------+-------+-------++-------
  Melee: Dagger            |   111 |    31 |       |       |       |       |       |       |       ||   142
         Punch             |     4 |     6 |    13 |    27 |       |       |       |       |       ||    50
         Unarmed           |       |   128 |   179 |   665 |  1441 |  2012 |  2063 |   406 |  2879 ||  9773
         Broad axe         |       |       |       |       |       |       |    66 |   366 |   277 ||   709
  Throw: Dart              |     2 |       |       |     1 |       |       |       |       |       ||     3
 Invoke: Brand Weapon With |       |       |       |       |       |     1 |       |       |       ||     1
         Cleansing Flame   |       |       |       |       |       |       |       |     6 |    40 ||    46
  Evoke: Wand              |       |       |       |    13 |     5 |       |     3 |       |     2 ||    23
         Condenser vane    |       |       |       |     1 |     1 |     2 |     3 |       |     4 ||    11
         Box of beasts     |       |       |       |       |       |       |     3 |       |     1 ||     4
         Phantom mirror    |       |       |       |       |       |       |     1 |       |       ||     1
    Use: Potion            |       |     2 |     3 |     2 |       |       |     5 |     2 |    15 ||    29
         Scroll            |       |     4 |     3 |     7 |    14 |    11 |     6 |       |     7 ||    52
   Stab: Sleeping          |    11 |       |       |       |       |       |       |       |       ||    11
 Armour: Robe              |    14 |       |       |       |       |       |       |       |       ||    14
         Leather armour    |     4 |       |       |       |       |       |       |       |       ||     4
         Chain mail        |    39 |    80 |    66 |    85 |       |       |       |       |       ||   270
         Plate armour      |       |       |       |   222 |   755 |   786 |  1105 |   453 |  1569 ||  4890
         Skin              |       |       |       |       |       |       |     1 |       |     2 ||     3
  Dodge: Dodged            |    46 |    32 |    42 |   329 |   779 |  1028 |  1343 |   364 |  1560 ||  5523
  Block: Buckler           |       |       |       |    48 |   422 |   297 |       |       |       ||   767
         Kite shield       |       |       |       |       |       |   457 |  1196 |   443 |  1871 ||  3967

Levels and vault maps discovered:
D:1:      saegor_arrival_simple_d, layout_loops_ring,
          nicolae_figureground_sparkle
D:2:      layout_basic, uniq_robin, uniq_terence
D:3:      layout_loops_ring, gammafunk_ghost_nasty_kobolds,
          serial_bayou_lagoon_b
D:4:      layout_gridville
D:5:      layout_loops_corners, minitemple, ebering_ghost_disaster_area,
          chequers_serial_rivers_marsh, wad_floor_pattern_1, uniq_eustachio,
          uniq_blork_the_orc
D:6:      layout_rooms, temple_statues, serial_bayou_pond_e, grunt_ministairs_7,
          kennysheep_doodads
D:7:      layout_loops_ring, serial_shops, shop, minmay_stone_trees_medium,
          uniq_crazy_yiuf_cottage, uniq_maggie, uniq_menkaure
D:8:      layout_loops_ring, grunt_lair_entry_orc_guard_hut, enter_ossuary_5,
          grunt_ministairs_5, uniq_amaemon
D:9:      layout_long_grid, mainiacjoe_overflow_boulevard, serial_bayou_pond_b,
          uniq_prince_ribbit1, uniq_pikel
D:10:     layout_long_grid, grunt_dithmenos_smoke_and_mirrors, david_orc_4,
          special_room [special_room_bee], serial_bayou, serial_bayou_crossing,
          serial_bayou_pond_c, serial_bayou_pond_e, serial_bayou_ford_a,
          minivault_15, minmay_radiant
D:11:     layout_long_grid, gammafunk_ghost_ooze, library_closet
D:12:     layout_cave_pools, serial_ice, serial_ice_h, serial_ice_a,
          serial_ice_f, serial_ice_e, serial_ice_k,
          portal_ice_cave_entry_pillars_2
D:13:     layout_loops_ring, david_vaults_1, nicolae_sif_muna_condensation,
          uniq_erolcha, uniq_lodul
D:14:     layout_roguey, minmay_misc_feat_room, gauntlet_entry_generic,
          uniq_snorg
D:15:     gammafunk_enter_depths_forms, layout_basic, vehumet_crystals
Lair:1:   statuecave_lemuel, layout_loops_ring, chequers_serial_rivers_room_b,
          infiniplex_staircase_pool_2, grunt_megastairs_1, lemuel_fruit_tree,
          uniq_fannar
Lair:2:   layout_cave_pods, guppyfry_snake_entry_island, grunt_megastairs_4
Lair:3:   layout_regular_city, minmay_shoals_entry_beasts, st_stairs_7,
          nzn_sisyphean_effort, serial_bayou_shore_b
Lair:4:   layout_regular_city, nicolae_slime_entry_field_trip
Lair:5:   wormcave, layout_cave_pods, hangedman_lair_tendril_chambers,
          gammafunk_ghost_arena, st_stairs_11
Shoals:1: layout_shoals, uniq_donald, uniq_josephine
Shoals:2: layout_shoals, nicolae_shoals_goliath_grotto
Shoals:3: layout_shoals
Shoals:4: shoals_end_hellmonk_storm_palace [storm_palace_center_ruins,
          storm_palace_corner_reverse_hut, storm_palace_corner_narrow,
          storm_palace_corner_reverse_hut, storm_palace_corner_narrow],
          uniq_polyphemus
Snake:1:  layout_chambers, st_stairs_11, minmay_shop_mayhem,
          nicolae_snake_shapes
Snake:2:  layout_basic, serial_shops, shop, st_stairs_14, drop_trap,
          grunt_megastairs_5, minmay_shoptagon, serial_bayou_shore_b, uniq_aizul
Snake:3:  layout_grid_shapes, grunt_megastairs_2
Snake:4:  grunt_snake_rune_spirals, layout_concentric_octagons, serial_shops,
          shop
Orc:1:    layout_caves, basic_altar, special_room [special_room_orc],
          serial_shops, nicolae_shop_competitors_out_of_business,
          nicolae_specific_store
Orc:2:    grunt_orc_cross, layout_caves, nicolae_orc_lava_room
Elf:1:    minmay_elf_arrival_circle, layout_loops_cross, hangedman_elf_represent
Elf:2:    nicolae_elf_blades_crystal_corner, layout_onion_city, uniq_azrael,
          uniq_louise, uniq_saint_roka
Elf:3:    minmay_elf_hall, layout_gridlike
Vaults:1: gammafunk_ghost_fury_of_okawaru, v_misc_30,
          nicolae_vaults_doubleplus_tesselated,
          nicolae_vaults_closet_pinwheel_2, v_rooms_2,
          nicolae_vaults_layer_cake_slice, minmay_guarded_unrand_guard_vaults,
          ontoclasm_vaults_misaligned, ontoclasm_vaults_ring_small,
          nicolae_vaults_taking_the_gang_shopping, hangedman_vaults_pinch,
          nicolae_vaults_little_ls, nicolae_vaults_tetromino_L_1, v_misc_24,
          layout_vaults_omnibox, serial_shops, nicolae_shop_behind_doors
Vaults:2: nicolae_vaults_turnstiles, v_alt_pattern_1, vaults_dpeg_cross,
          hangedman_vaults_trim, nicolae_vaults_sightless_eye,
          hellmonk_guarded_unrand_gong, ontoclasm_vaults_chip,
          layout_vaults_omnigrid, serial_shops, nicolae_shop_peninsula,
          nicolae_diamond_shop, shop, nicolae_shop_hallway_plus, shop
Vaults:3: minmay_crypt_entry_simple_round, nicolae_vaults_swerve,
          nicolae_vaults_closet_pinwheel_3, sword_in_stone,
          nicolae_vaults_more_shelving_2, hangedman_vaults_corner_blocks,
          v_rooms_3, nicolae_vaults_specimen_jars, ontoclasm_vaults_chip,
          nicolae_vaults_mini_display_case, vaults_room_fancy_cross,
          nicolae_vaults_border_crossing, ontoclasm_vaults_twist,
          ontoclasm_vaults_shuriken, layout_vaults_maze_snakey, serial_shops,
          shop_coins, uniq_margery
Vaults:4: nicolae_vaults_minivaults, grunt_vaults_bifocal,
          nicolae_vaults_double_plus_1, hangedman_vaults_nails,
          vaults_room_hallway, nicolae_vaults_storage_closets_3,
          ontoclasm_vaults_loading_screen, nicolae_vaults_heart-shaped_vault,
          v_pattern_5, layout_vaults_big_room, serial_shops,
          nicolae_shop_window_shopping
Crypt:1:  layout_chaotic_city, grunt_crypt_arrival_guarded_gate,
          grunt_megastairs_3
Crypt:2:  layout_regular_city, uniq_khufu, uniq_sojobo, uniq_zenata,
          uniq_bai_suzhen
Depths:1: layout_cave_pools, okawaru_gym_becter, pf_hell_entry_great_geh,
          elyvilon_altar_4, serial_bayou_shore_b, serial_bayou_shore_b
Depths:2: minmay_roctagon, layout_gridlike, hell_entry, rand_demon_pan_entry_1,
          minmay_staircase_statues, minmay_shop_star
Depths:3: minmay_the_grid_3x3 [minmay_the_grid_empty, minmay_the_grid_expand,
          minmay_the_grid_tree, minmay_the_grid_tiny_cups,
          minmay_the_grid_plusring, minmay_the_grid_holed_spiral,
          minmay_the_grid_dragon_a, minmay_the_grid_mess,
          minmay_the_grid_prize_inner_circle], layout_cave_pools,
          enter_ziggurat_f, minmay_crystal_room, grunt_mini_vestibule,
          abyss_entry, rand_demon_pan_entry_7, infiniplex_staircase_zigzag_1,
          serial_bayou_shore_b, serial_bayou_shore_a
Depths:4: grunt_zot_entry_gee_three, layout_basic, pf_coc_iceberg,
          nicolae_qazlal_scattered_showers, pan_entry, corner_web_ring,
          hangedman_abyss_or_decor_slice, hangedman_decor_opposing, uniq_xtahua
Zot:1:    grunt_zot_stairs_faceoff, layout_onion
Zot:2:    layout_basic, uniq_josephina
Zot:3:    layout_concentric_octagons
Zot:4:    grunt_deathspiral_small, layout_concentric_octagons,
          hangedman_zot_decor_tridents, drop_trap

Notes
Turn   | Place    | Note
-------+----------+-------------------------------------------
     0 | D:1      | Kenran the Gargoyle Brigand began the quest for the Orb.
     0 | D:1      | Reached XP level 1. HP: 12/12 MP: 1/1
     0 | D:1      | magus.rc [v1.11.6]
    76 | D:1      | Reached skill level 1 in Unarmed Combat
    85 | D:1      | Reached XP level 2. HP: 17/17 MP: 2/2
   199 | D:1      | Reached skill level 2 in Unarmed Combat
   394 | D:1      | Reached XP level 3. HP: 21/21 MP: 3/3
   695 | D:2      | Reached skill level 3 in Unarmed Combat
   731 | D:2      | Noticed Robin
   782 | D:2      | Killed Robin
   783 | D:2      | Reached XP level 4. HP: 11/26 MP: 4/4
   883 | D:2      | You add the spells Tukima's Dance, Portal Projectile and
                  | Blade Hands to your library.
   922 | D:2      | Noticed Terence
   956 | D:2      | HP: 4/26 [Terence/+0 short sword (3)]
   958 | D:2      | Identified 2 potions of experience
   958 | D:2      | Reached skill level 12 in Unarmed Combat
   958 | D:2      | Reached XP level 5. HP: 5/30 MP: 5/5
   958 | D:2      | HP: 1/30 [Terence/+0 short sword (4)]
   962 | D:2      | Killed Terence
  1545 | D:3      | You add the spells Freeze, Frozen Ramparts and Hailstorm to
                  | your library.
  1585 | D:3      | Reached skill level 3 in Fighting
  1585 | D:3      | Reached XP level 6. HP: 35/37 MP: 6/6
  1688 | D:3      | Found a runed translucent gate.
  1688 | D:3      | Found a runed translucent gate.
  1688 | D:3      | Found a runed translucent gate.
  1689 | D:3      | Noticed Mefist's ghost (weakling DEEE)
  2319 | D:4      | Reached skill level 4 in Fighting
  2473 | D:4      | Identified the +0 pair of boots of Figes {*Corrode rN+
                  | Str+3}
  2697 | D:4      | Reached XP level 7. HP: 44/44 MP: 7/7
  2700 | D:4      | Reached skill level 7 in Fighting
  2700 | D:4      | Reached skill level 6 in Armour
  2700 | D:4      | Reached skill level 13 in Unarmed Combat
  2700 | D:4      | Reached XP level 8. HP: 54/54 MP: 8/8
  2803 | D:5      | Entered Level 5 of the Dungeon
  2966 | D:5      | Noticed Eustachio
  2985 | D:5      | Reached skill level 1 in Dodging
  3002 | D:5      | Killed Eustachio
  3003 | D:5      | Reached skill level 8 in Fighting
  3123 | D:5      | Found a glowing golden altar of the Shining One.
  3125 | D:5      | Found a hide-covered altar of Uskayaw.
  3127 | D:5      | Found a shimmering altar of Xom.
  3127 | D:5      | Found an iron altar of Okawaru.
  3127 | D:5      | Found a shimmering blue altar of Sif Muna.
  3129 | D:5      | Found a basalt altar of Yredelemnul.
  3132 | D:5      | Found a snail-covered altar of Cheibriados.
  3143 | D:5      | Became a worshipper of the Shining One
  3184 | D:5      | Noticed Blork the orc
  3192 | D:5      | Killed Blork the orc
  3193 | D:5      | Reached skill level 1 in Evocations
  3403 | D:5      | Found a large runed translucent door.
  3404 | D:5      | Found a large runed translucent door.
  3407 | D:5      | Noticed gyole's ghost (novice SpWr)
  3924 | D:3      | You are cast into the Abyss!
  3924 | Abyss:2  | Cast into level 2 of the Abyss (kobold brigand)
  3930 | Abyss:2  | Found a corrupted altar of Lugonu.
  3980 | Abyss:2  | Noticed a wretched star
  4018 | Abyss:2  | Reached skill level 2 in Dodging
  4093 | Abyss:2  | Noticed a wretched star
  4110 | Abyss:2  | Killed a wretched star
  4111 | Abyss:2  | Reached skill level 2 in Evocations
  4111 | Abyss:2  | Reached skill level 1 in Invocations
  4111 | Abyss:2  | Reached XP level 9. HP: 59/59 MP: 8/10
  4113 | D:3      | You pass through the gate.
  4113 | D:3      | Escaped the Abyss
  4171 | D:3      | Killed Mefist's ghost
  4337 | D:5      | HP: 13/59 [orc warrior/+4 heavy battleaxe (11)]
  4658 | D:6      | Reached * piety under the Shining One
  4687 | D:6      | Identified the amulet "Anoluhaq" {RegenMP Regen+}
  4747 | D:6      | Reached skill level 2 in Invocations
  4811 | D:6      | Found a staircase to the Ecumenical Temple.
  5364 | D:7      | Noticed Menkaure
  5369 | D:7      | Killed Menkaure
  5370 | D:7      | Reached XP level 10. HP: 65/65 MP: 11/11
  5653 | D:7      | Found Tosmuc's Jewellery Shop.
  5658 | D:7      | Bought a +5 ring of evasion for 396 gold pieces
  5719 | D:7      | Noticed Maggie
  5729 | D:7      | Killed Maggie
  5976 | D:7      | Found a runed translucent door.
  5977 | D:7      | Noticed Crazy Yiuf
  6074 | D:7      | You add the spells Cause Fear, Dragon Form and Dragon's
                  | Call to your library.
  6140 | D:7      | Killed Crazy Yiuf
  6249 | D:8      | Found a sand-covered staircase.
  6253 | Ossuary  | Entered an ossuary
  6321 | Ossuary  | Reached ** piety under the Shining One
  6331 | Ossuary  | Reached skill level 14 in Unarmed Combat
  6424 | Ossuary  | Reached *** piety under the Shining One
  6527 | Ossuary  | Reached skill level 9 in Fighting
  6715 | D:8      | Noticed a deep elf pyromancer
  6754 | D:8      | Killed a deep elf pyromancer
  6883 | D:8      | Noticed Amaemon
  6975 | D:8      | Found a staircase to the Lair.
  6994 | D:8      | Noticed an orange demon
  7002 | D:8      | Killed Amaemon
  7003 | D:8      | Reached XP level 11. HP: 71/71 MP: 12/12
  7298 | D:8      | Reached skill level 15 in Unarmed Combat
  7301 | D:8      | Reached skill level 10 in Fighting
  7387 | D:9      | Noticed Prince Ribbit
  7387 | D:9      | Reached **** piety under the Shining One
  7392 | D:9      | Killed Prince Ribbit
  7485 | D:9      | Noticed a two-headed ogre
  7498 | D:9      | Killed a two-headed ogre
  7499 | D:9      | Reached skill level 7 in Armour
  7516 | D:9      | Noticed a two-headed ogre
  7537 | D:9      | Killed a two-headed ogre
  7596 | D:9      | You add the spells Stone Arrow, Animate Armour and
                  | Lehudib's Crystal Spear to your library.
  7648 | D:9      | Noticed Pikel
  7664 | D:9      | Killed Pikel
  7782 | D:9      | Reached skill level 11 in Fighting
  7942 | D:9      | Reached skill level 8 in Armour
  7949 | D:9      | Found a hazy altar of Hepliaklqana.
  8116 | D:10     | Entered Level 10 of the Dungeon
  8118 | D:10     | Noticed an orange crystal statue
  8382 | D:10     | Noticed a boulder beetle
  8427 | D:10     | Killed a boulder beetle
  8428 | D:10     | Reached skill level 12 in Fighting
  8428 | D:10     | Reached XP level 12. HP: 64/81 MP: 13/13
  8472 | D:10     | Noticed a death knight
  8600 | D:10     | Reached ***** piety under the Shining One
  8657 | D:10     | Found a staircase to the Orcish Mines.
  8777 | D:10     | You add the spells Ensorcelled Hibernation, Spider Form and
                  | Anguish to your library.
  8935 | Lair:1   | Entered Level 1 of the Lair of Beasts
  9013 | Lair:1   | Reached skill level 9 in Armour
  9356 | Lair:1   | Reached skill level 10 in Armour
  9408 | Lair:1   | Noticed Fannar
  9424 | Lair:1   | HP: 11/81 [Fannar/bolt of cold (28)]
  9431 | Lair:1   | Killed Fannar
  9987 | Lair:2   | Reached skill level 16 in Unarmed Combat
  9994 | Lair:2   | Noticed a seven-headed hydra
 10009 | Lair:2   | Killed a seven-headed hydra
 10012 | Lair:2   | Noticed a five-headed hydra
 10061 | Lair:1   | HP: 16/81 [five-headed hydra (12)]
 10070 | Lair:1   | Killed a five-headed hydra
 10071 | Lair:1   | Reached skill level 11 in Armour
 10181 | Lair:2   | You add the spells Ice Form and Summon Ice Beast to your
                  | library.
 10233 | Lair:2   | Reached XP level 13. HP: 86/86 MP: 14/14
 10291 | Lair:2   | Found a staircase to the Snake Pit.
 10489 | Lair:2   | Reached skill level 12 in Armour
 10494 | Lair:2   | Reached skill level 1 in Shields
 10511 | Lair:2   | Reached skill level 2 in Shields
 10868 | Lair:2   | Reached skill level 3 in Shields
 11106 | Lair:2   | Identified a scroll of acquirement
 11107 | Lair:2   | Acquired 1110 gold pieces
 11111 | Lair:2   | magus.rc [v1.11.6]
 11203 | Lair:3   | Reached skill level 4 in Shields
 11251 | Lair:3   | Reached skill level 3 in Invocations
 11257 | Lair:3   | Reached skill level 3 in Dodging
 11359 | Lair:3   | Reached skill level 4 in Invocations
 11563 | Lair:3   | Found a staircase to the Shoals.
 11592 | Lair:3   | Reached skill level 4 in Dodging
 11592 | Lair:3   | Reached skill level 5 in Invocations
 12271 | Lair:4   | Reached skill level 5 in Shields
 12424 | Lair:4   | Reached skill level 6 in Shields
 12597 | Lair:4   | Found a staircase to the Slime Pits.
 13133 | Lair:5   | Entered Level 5 of the Lair of Beasts
 13248 | Lair:5   | Gained mutation: Your large and strong wings let you fly.
                  | [Gargoyle growth]
 13248 | Lair:5   | Reached XP level 14. HP: 92/92 MP: 17/17
 13448 | Lair:5   | Reached skill level 17 in Unarmed Combat
 13707 | Lair:5   | Reached skill level 13 in Armour
 13777 | Lair:5   | Found a transporter.
 13830 | Lair:5   | Noticed sbaton's ghost (journeyman TrBe)
 13940 | Lair:5   | Reached skill level 14 in Armour
 14127 | Lair:5   | Reached skill level 6 in Invocations
 14149 | Lair:5   | Reached ****** piety under the Shining One
 14293 | Lair:5   | Reached skill level 7 in Invocations
 14325 | Lair:5   | Found a runed translucent door.
 14472 | Lair:5   | Found a transporter.
 14494 | Lair:5   | Reached skill level 8 in Invocations
 14545 | Lair:5   | Reached skill level 9 in Invocations
 14824 | Lair:5   | Reached XP level 15. HP: 96/96 MP: 22/22
 14850 | Lair:5   | Reached skill level 10 in Invocations
 15367 | D:10     | Found a shadowy altar of Dithmenos.
 15853 | D:11     | You add the spells Summon Guardian Golem, Orb of
                  | Destruction and Spellforged Servitor to your library.
 15855 | D:11     | You add the spells Animate Dead, Haunt and Infestation to
                  | your library.
 15892 | D:11     | Reached skill level 13 in Fighting
 16187 | D:11     | Found a runed translucent gate.
 16187 | D:11     | Found a runed translucent gate.
 16254 | D:11     | Found a runed translucent gate.
 16258 | D:11     | Noticed SharpKris's ghost (journeyman GnFi)
 16275 | D:11     | Identified the ring of Fuocases {Ice Drain rElec rPois
                  | Slay+5}
 16371 | D:11     | You add the spells Poisonous Vapours, Mephitic Cloud and
                  | Freezing Cloud to your library.
 16492 | D:11     | Found a viscous altar of Jiyva.
 16679 | D:12     | Found a frozen archway.
 16696 | IceCv    | Entered an ice cave
 16753 | IceCv    | You add the spells Magic Dart and Call Imp to your library.
 16824 | IceCv    | Reached skill level 14 in Fighting
 16894 | IceCv    | You add the spells Ozocubu's Armour and Ozocubu's
                  | Refrigeration to your library.
 16899 | IceCv    | You add the spells Passage of Golubria and Yara's Violent
                  | Unravelling to your library.
 17196 | D:12     | You add the spells Sting and Olgreb's Toxic Radiance to
                  | your library.
 17393 | D:12     | You add the spells Beastly Appendage and Wereblood to your
                  | library.
 17433 | D:13     | Found a shimmering blue altar of Sif Muna.
 17560 | D:13     | Noticed Erolcha
 17572 | D:13     | Killed Erolcha
 17627 | D:13     | Noticed Lodul
 17635 | D:13     | Killed Lodul
 17802 | D:13     | Reached skill level 18 in Unarmed Combat
 18028 | D:13     | You are sucked into a shaft and drop 1 floor!
 18151 | D:14     | Found a gate leading to a gauntlet.
 18195 | D:14     | Reached skill level 3 in Evocations
 18266 | Gauntlet | Entered a Gauntlet
 18266 | Gauntlet | Found a transporter.
 18274 | Gauntlet | Found a transporter.
 18276 | Gauntlet | Found a transporter.
 18285 | Gauntlet | Found a transporter.
 18300 | Gauntlet | Found a transporter.
 18306 | Gauntlet | Found a transporter.
 18328 | Gauntlet | Found a transporter.
 18343 | Gauntlet | Found a transporter.
 18355 | Gauntlet | Found a transporter.
 18375 | Gauntlet | Found a large runed translucent door.
 18376 | Gauntlet | Found a large runed translucent door.
 18377 | Gauntlet | Found a large runed translucent door.
 18377 | Gauntlet | Found a large runed translucent door.
 18378 | Gauntlet | Found a runed translucent gate.
 18379 | Gauntlet | Found a transporter.
 18379 | Gauntlet | Found a runed translucent gate.
 18380 | Gauntlet | Found a runed translucent gate.
 18381 | Gauntlet | Found a large runed translucent door.
 18381 | Gauntlet | Found a large runed translucent door.
 18382 | Gauntlet | Found a large runed translucent door.
 18383 | Gauntlet | Found a large runed translucent door.
 18391 | Gauntlet | Found a transporter.
 18403 | Gauntlet | Found a transporter.
 18543 | Gauntlet | Found a transporter.
 18552 | Gauntlet | Found a transporter.
 18604 | Gauntlet | Found a transporter.
 18606 | Gauntlet | Found a large runed translucent door.
 18607 | Gauntlet | Found a large runed translucent door.
 18609 | Gauntlet | Found a transporter.
 18611 | Gauntlet | Found a large runed translucent door.
 18611 | Gauntlet | Found a large runed translucent door.
 18616 | Gauntlet | Found a large runed translucent door.
 18616 | Gauntlet | Found a large runed translucent door.
 18616 | Gauntlet | Found a runed translucent door.
 18616 | Gauntlet | Found a runed translucent door.
 18686 | Gauntlet | Reached skill level 4 in Evocations
 18710 | Gauntlet | Identified the +0 pair of gloves "Curphakhly" {Stlth+}
 18728 | Gauntlet | Identified the +2 rapier "Onogah" {drain, rF- Int+5}
 18770 | Gauntlet | Identified a +2 robe of the Archmagi
 18775 | D:14     | Noticed Snorg
 18794 | D:14     | Killed Snorg
 18861 | D:14     | Reached skill level 5 in Evocations
 19027 | D:14     | Reached XP level 16. HP: 102/106 MP: 23/23
 19431 | D:7      | Identified a +4 broad axe of holy wrath {forbidden} (a +2
                  | broad axe of pain {forbidden} blessed by the Shining One)
 19431 | D:7      | Received a gift from the Shining One
 19608 | D:15     | Entered Level 15 of the Dungeon
 19762 | D:13     | Found a gate to the Vaults.
 19912 | D:15     | Found a radiant altar of Vehumet.
 19936 | D:15     | You add the spells Blink, Manifold Assault and Storm Form
                  | to your library.
 20036 | D:15     | Reached skill level 5 in Dodging
 20822 | D:15     | Found a staircase to the Depths.
 21403 | Snake:1  | Entered Level 1 of the Snake Pit
 21580 | Orc:1    | Entered Level 1 of the Orcish Mines
 21616 | Orc:1    | Found Gatz's Armour Shoppe.
 21955 | Orc:2    | Entered Level 2 of the Orcish Mines
 22139 | Orc:2    | Reached skill level 15 in Armour
 22139 | Orc:2    | Reached skill level 6 in Dodging
 22282 | Orc:1    | Found Enolocke's General Store.
 22285 | Orc:1    | Found Qeutze's Specific Store.
 22294 | Orc:1    | Bought a wand of iceblast (2) for 72 gold pieces
 22474 | Orc:2    | Paralysed by an orc sorcerer for 2 turns
 22903 | Orc:2    | Reached skill level 19 in Unarmed Combat
 23033 | Orc:2    | Noticed Nergalle
 23058 | Orc:2    | Killed Nergalle
 23131 | Orc:2    | Found Bed Hemp's General Store.
 23170 | Orc:2    | Found Meyr's Antique Weapon Shoppe.
 23199 | Orc:2    | Found a staircase to the Elven Halls.
 23257 | Orc:2    | Found Gugg's Jewellery Shoppe.
 23327 | Orc:2    | Found Uliemof's Antique Armour Shoppe.
 23333 | Orc:2    | Bought an ancient crystal plate armour for 2720 gold pieces
 23333 | Orc:2    | Identified the +0 crystal plate armour of the Forest {rF+
                  | Int+6} (You bought it in a shop on level 2 of the Orcish
                  | Mines)
 23339 | Orc:2    | I - the +0 crystal plate armour of the Forest {rF+ Int+6,
                  | rare}
 23546 | Orc:2    | You drop the +0 crystal plate armour of the Forest {rF+
                  | Int+6, rare}.
 23968 | Snake:1  | Found Uzydaihane's Mayhem Merchandise.
 24410 | Snake:1  | Reached XP level 17. HP: 111/111 MP: 24/24
 24929 | Snake:1  | magus.rc [v1.11.6]
 25003 | Snake:2  | Reached skill level 20 in Unarmed Combat
 25016 | Snake:2  | Reached skill level 1 in Axes
 25025 | Snake:2  | Reached skill level 2 in Axes
 25094 | Snake:2  | Found Niokha's Magic Scroll Boutique.
 25115 | Snake:2  | Found Wuhy's Antique Weapon Shop.
 25117 | Snake:2  | Bought a scroll of acquirement for 884 gold pieces
 25117 | Snake:2  | Acquired the +1 hat of Loxeix {rF+ Dex+4 SInv}
 25151 | Snake:2  | Reached skill level 3 in Axes
 25286 | Snake:2  | Reached skill level 4 in Axes
 25458 | Snake:2  | Reached skill level 5 in Axes
 25508 | Snake:2  | Found Xupn's General Store.
 25770 | Snake:2  | Reached skill level 6 in Axes
 25898 | Snake:2  | Noticed Aizul
 25919 | Snake:2  | Killed Aizul
 25941 | Snake:2  | Reached skill level 7 in Axes
 26276 | Snake:3  | Reached skill level 8 in Axes
 26479 | Snake:3  | Reached skill level 9 in Axes
 26803 | Snake:4  | Entered Level 4 of the Snake Pit
 26990 | Snake:4  | Found Poxokla's Assorted Antiques.
 27282 | Snake:4  | Reached XP level 18. HP: 89/117 MP: 25/25
 27658 | Snake:4  | Reached skill level 10 in Axes
 27884 | Snake:4  | Reached skill level 15 in Fighting
 28082 | Snake:4  | Reached skill level 16 in Armour
 28100 | Snake:4  | HP: 27/119 [naga warrior/+0 scimitar (15)]
 28177 | Snake:4  | Reached skill level 7 in Shields
 28366 | Snake:4  | Got a serpentine rune of Zot
 28846 | Shoals:1 | Entered Level 1 of the Shoals
 28984 | Shoals:1 | You add the spells Necrotise, Vampiric Draining and Agony
                  | to your library.
 29022 | Shoals:1 | Noticed Donald
 29082 | Shoals:1 | Killed Donald
 29083 | Shoals:1 | Reached skill level 8 in Shields
 29331 | Shoals:1 | Noticed Josephine
 29352 | Shoals:1 | Killed Josephine
 29781 | Shoals:2 | You add the spells Inner Flame, Sticky Flame and Flame Wave
                  | to your library.
 30090 | Shoals:2 | Reached skill level 9 in Shields
 30305 | Shoals:2 | HP: 29/120 [alligator snapping turtle (19)]
 30485 | Shoals:2 | Reached XP level 19. HP: 71/125 MP: 26/26
 30636 | Shoals:2 | Reached skill level 10 in Shields
 30708 | Shoals:2 | You add the spells Scorch and Summon Cactus Giant to your
                  | library.
 30907 | Shoals:3 | Reached skill level 16 in Fighting
 30979 | Shoals:3 | Reached skill level 17 in Armour
 31465 | Shoals:3 | You add the spells Iskenderun's Battlesphere and Iron Shot
                  | to your library.
 31644 | Shoals:3 | magus.rc [v1.11.6]
 31656 | Shoals:4 | Entered Level 4 of the Shoals
 31875 | Shoals:4 | Reached skill level 18 in Armour
 31915 | Shoals:4 | Paralysed by an air elemental for 1 turns
 31930 | Shoals:4 | HP: 25/125 [merfolk/+0 trident (12)]
 31944 | Shoals:4 | HP: 22/125 [merfolk/+2 trident of venom (13)]
 31958 | Shoals:4 | HP: 21/125 [merfolk/+2 trident of venom (15)]
 32139 | Shoals:4 | Paralysed by an air elemental for 1 turns
 32182 | Shoals:4 | Paralysed by an air elemental for 1 turns
 32194 | Shoals:4 | Noticed Polyphemus
 32198 | Shoals:4 | HP: 26/125 [death yak[Polyphemus] (15)]
 32203 | Shoals:4 | Killed Polyphemus
 32203 | Shoals:4 | HP: 24/125 [merfolk javelineer/silver javelin (1)]
 32208 | Shoals:4 | HP: 27/125 [something/blast of calcifying dust[Polyphemus]
                  | (8)]
 32226 | Shoals:4 | Identified the +3 ring mail "Ycurapn" {rPois}
 32284 | Shoals:4 | Got a barnacled rune of Zot
 32524 | Shoals:4 | Paralysed by an air elemental for 1 turns
 32688 | Shoals:4 | Reached skill level 11 in Shields
 32702 | Shoals:4 | Paralysed by an air elemental for 1 turns
 32802 | Shoals:4 | You add the spells Leda's Liquefaction and Lee's Rapid
                  | Deconstruction to your library.
 33139 | Snake:2  | Bought a scroll of fear for 68 gold pieces
 33139 | Snake:2  | Bought a scroll of enchant armour for 127 gold pieces
 33139 | Snake:2  | Bought a scroll of enchant armour for 127 gold pieces
 33395 | Vaults:1 | Entered Level 1 of the Vaults
 33528 | Vaults:1 | Reached skill level 11 in Axes
 33618 | Vaults:1 | HP: 26/127 [deep troll simulacrum[a necromancer] (9)]
 33634 | Vaults:1 | Reached XP level 20. HP: 43/133 MP: 27/27
 33847 | Vaults:1 | Found Unidis's Weapon Emporium.
 33863 | Vaults:1 | Reached skill level 17 in Fighting
 34145 | Vaults:1 | Found Meniv's Antique Weapon Boutique.
 34255 | Vaults:1 | Reached skill level 12 in Shields
 34613 | Vaults:1 | Reached skill level 12 in Axes
 34674 | Vaults:1 | Reached skill level 18 in Fighting
 34695 | Vaults:1 | Found the +5 glaive of the Guard {elec, spectral, AC+5}
 34744 | Vaults:1 | You add the spells Apportation and Alistair's Intoxication
                  | to your library.
 35079 | Vaults:1 | Found a runed translucent gate.
 35079 | Vaults:1 | Found a runed translucent gate.
 35079 | Vaults:1 | Found a runed translucent gate.
 35080 | Vaults:1 | Noticed DizzySkin's ghost (veteran MiBe)
 35085 | Vaults:1 | Found an iron altar of Okawaru.
 35131 | Vaults:2 | Found Raotsah's Assorted Antiques.
 35555 | Vaults:2 | Found Ystuugim's Distillery.
 35719 | Vaults:2 | Identified the +0 scale mail "Vutayhuy" {Int-4 Dex+6}
 35870 | Vaults:2 | Found Reupp's Weapon Boutique.
 35885 | Vaults:2 | Found Rydudin's Assorted Antiques.
 35890 | Vaults:2 | Bought a potion of might for 100 gold pieces
 35944 | Vaults:2 | Found Feaxkab's Distillery.
 35949 | Vaults:2 | Bought a potion of haste for 180 gold pieces
 35949 | Vaults:2 | Bought a potion of heal wounds for 90 gold pieces
 35949 | Vaults:2 | Bought a potion of heal wounds for 90 gold pieces
 35949 | Vaults:2 | Bought a potion of cancellation for 144 gold pieces
 36020 | Vaults:2 | Reached skill level 6 in Evocations
 36082 | Vaults:2 | Found the +18 shield of the Gong {Loud rN+ Will+ rCorr
                  | EV-5}
 36714 | Vaults:3 | Reached skill level 7 in Dodging
 36714 | Vaults:3 | Reached skill level 11 in Invocations
 36788 | Vaults:3 | Reached XP level 21. HP: 133/141 MP: 29/29
 36847 | Vaults:3 | Reached skill level 7 in Evocations
 36964 | Vaults:3 | Noticed Agnes
 36966 | Vaults:3 | Noticed Asterion
 37121 | Vaults:3 | Reached skill level 8 in Dodging
 37168 | Vaults:3 | Killed Agnes
 37204 | Vaults:3 | Killed Asterion
 37285 | Vaults:3 | Found Vabaus's Jewellery Emporium.
 37834 | Vaults:3 | Reached skill level 21 in Unarmed Combat
 37860 | Vaults:3 | Acquired 976 gold pieces
 37926 | Vaults:3 | Found a staircase to the Crypt.
 38323 | Vaults:4 | Reached skill level 19 in Fighting
 38361 | Vaults:4 | HP: 35/144 [ironbound convoker/+0 flail (11)]
 38368 | Vaults:4 | HP: 33/144 [ettin/+0 dire flail (8)]
 38375 | Vaults:4 | HP: 30/144 [phantasmal warrior (17)]
 38380 | Vaults:4 | HP: 32/144 [yaktaur/bolt[a vault warden] (11)]
 38530 | Vaults:3 | Reached skill level 13 in Shields
 38536 | Vaults:4 | Paralysed by a great orb of eyes for 3 turns
 38737 | Vaults:4 | You add the spells Borgnjor's Vile Clutch and Death Channel
                  | to your library.
 38840 | Vaults:4 | Reached skill level 14 in Shields
 38860 | Vaults:4 | Reached XP level 22. HP: 148/149 MP: 30/30
 39450 | Vaults:4 | You add the spells Volatile Blastmotes, Dazzling Flash,
                  | Iskenderun's Mystic Blast and Starburst to your library.
 39479 | Vaults:4 | Reached skill level 15 in Shields
 39752 | Vaults:4 | Found Gyoc's Distillery.
 39755 | Vaults:4 | Bought a potion of experience for 1000 gold pieces
 39755 | Vaults:4 | Bought a potion of haste for 200 gold pieces
 39755 | Vaults:4 | Bought a potion of heal wounds for 100 gold pieces
 39755 | Vaults:4 | Bought a potion of might for 80 gold pieces
 39757 | Vaults:4 | Reached XP level 23. HP: 155/155 MP: 31/31
 39845 | Crypt:1  | Entered Level 1 of the Crypt
 40254 | Crypt:1  | Noticed a curse skull
 40273 | Crypt:1  | Killed a curse skull
 40386 | Crypt:1  | Reached skill level 13 in Axes
 40434 | Crypt:1  | Noticed a curse skull
 40442 | Crypt:1  | Reached skill level 22 in Unarmed Combat
 40442 | Crypt:1  | Killed a curse skull
 40502 | Crypt:1  | Reached skill level 14 in Axes
 40578 | Crypt:1  | You add the spells Gell's Gravitas, Teleport Other and
                  | Dispersal to your library.
 40943 | Crypt:2  | Noticed a royal mummy
 40949 | Crypt:2  | Noticed Khufu
 40952 | Crypt:2  | Killed a royal mummy
 40954 | Crypt:2  | Noticed a royal mummy
 40967 | Crypt:2  | Killed Khufu
 40968 | Crypt:2  | Killed a royal mummy
 40993 | Crypt:2  | Reached skill level 12 in Invocations
 41175 | Crypt:2  | Noticed Bai Suzhen
 41677 | Elf:1    | Entered Level 1 of the Elven Halls
 41868 | Elf:1    | Reached skill level 13 in Invocations
 42074 | Elf:1    | Reached XP level 24. HP: 155/160 MP: 33/33
 42211 | Elf:1    | Reached skill level 14 in Invocations
 42793 | Elf:2    | Noticed Azrael
 42811 | Elf:2    | Killed Azrael
 42821 | Elf:2    | Reached skill level 15 in Invocations
 42821 | Elf:2    | Reached XP level 25. HP: 165/165 MP: 34/34
 42887 | Elf:2    | Noticed Louise
 42912 | Elf:2    | Killed Louise
 43167 | Elf:2    | Found a runed translucent gate.
 43168 | Elf:2    | Found a runed translucent gate.
 43168 | Elf:2    | Found a runed translucent gate.
 43535 | Elf:2    | Noticed Saint Roka
 43546 | Elf:2    | Reached skill level 20 in Fighting
 44504 | Elf:2    | Killed Saint Roka
 44865 | Elf:3    | Entered Level 3 of the Elven Halls
 45106 | Orc:1    | Bought a +2 cloak of poison resistance for 259 gold pieces
 45300 | Elf:3    | You are cast into the Abyss!
 45300 | Abyss:3  | Cast into level 3 of the Abyss (a deep elf sorcerer)
 45314 | Abyss:4  | Found a corrupted altar of Lugonu.
 45348 | Abyss:4  | Paralysed by accursed screaming for 1 turns
 45357 | Abyss:4  | Paralysed by accursed screaming for 2 turns
 45361 | Abyss:4  | Paralysed by accursed screaming for 2 turns
 45440 | Abyss:4  | HP: 36/168 [starcursed mass/accursed screaming (10)]
 45446 | Abyss:4  | Reached skill level 19 in Armour
 45472 | Abyss:4  | HP: 38/168 [tentacled starspawn (5)]
 45533 | Abyss:4  | HP: 40/168 [oklob plant/splash of acid (11)]
 45539 | Abyss:4  | HP: 42/168 [oklob plant/splash of acid (16)]
 45547 | Abyss:4  | HP: 35/168 [oklob plant/splash of acid (21)]
 45548 | Abyss:4  | HP: 15/168 [oklob plant/splash of acid (21)]
 45577 | Abyss:4  | HP: 40/168 [hellephant/blast of flame (15)]
 45600 | Abyss:4  | HP: 37/168 [hellephant (8)]
 45604 | Abyss:4  | HP: 18/168 [hellephant (20)]
 45610 | Abyss:4  | HP: 23/168 [hellephant/blast of flame (12)]
 45612 | Abyss:4  | Reached skill level 20 in Armour
 45629 | Abyss:4  | HP: 41/168 [raiju/living lightning (4)]
 45637 | Abyss:4  | HP: 39/168 [starcursed mass/accursed screaming (13)]
 45640 | Elf:3    | You pass through the gate.
 45640 | Elf:3    | Escaped the Abyss
 45645 | Elf:3    | HP: 27/168 [wretched star/lance of force (21)]
 45647 | Elf:3    | Reached skill level 16 in Invocations
 45654 | Elf:3    | HP: 14/168 [deep elf annihilator/iron shot (22)]
 45661 | Elf:3    | Identified the +11 quarterstaff of Disarray {spect, rElec
                  | rCorr Dex+5 Stlth-}
 45680 | Elf:3    | HP: 32/168 [deep elf knight/shard of ice (18)]
 45829 | Elf:3    | You are cast into the Abyss!
 45829 | Abyss:4  | Cast into level 4 of the Abyss (a deep elf sorcerer)
 45875 | Abyss:4  | Gained mutation: You occasionally lose the ability to read
                  | scrolls when taking damage. [a neqoxec]
 45877 | Elf:3    | You pass through the gate.
 45877 | Elf:3    | Escaped the Abyss
 46330 | Elf:3    | Reached skill level 17 in Invocations
 46634 | Elf:3    | Identified the ring of Res Nullius {rPois rC+ Will+ Dex+5}
 46740 | Elf:2    | You are cast into the Abyss!
 46740 | Abyss:4  | Cast into level 4 of the Abyss (a deep elf sorcerer)
 46762 | Abyss:4  | Reached XP level 26. HP: 145/174 MP: 35/35
 46959 | Abyss:4  | Noticed a dread lich
 46962 | Abyss:4  | Paralysed by a dread lich for 3 turns
 46976 | Abyss:4  | Killed a dread lich
 46977 | Abyss:4  | Reached skill level 18 in Invocations
 46998 | Abyss:4  | magus.rc [v1.11.6]
 47006 | Abyss:4  | Paralysed by accursed screaming for 1 turns
 47055 | Elf:2    | You pass through the gate.
 47055 | Elf:2    | Escaped the Abyss
 47161 | Elf:2    | magus.rc [v1.11.6]
 47320 | Elf:3    | You add the spell Ignite Poison to your library.
 47320 | Elf:3    | Got Toih's Reference Book on the Metamorphic Black Widow
 47351 | Elf:3    | Identified the ring of Youthful Indiscretion {+Blink rF+
                  | Will- Str+7 Int-4}
 47487 | Elf:3    | Identified the +8 quarterstaff "Xyfuem" {flame, rElec rC-
                  | Int+3}
 47518 | Elf:3    | Identified the staff of air "Oruucima" {rElec rCorr Str+3}
 47519 | Elf:3    | Identified the +7 mace of Puseur {heavy, rN+ Dex+4}
 47522 | Elf:3    | You add the spells Static Discharge, Airstrike and Summon
                  | Lightning Spire to your library.
 47531 | Elf:3    | Identified a +2 crystal plate armour
 47562 | Elf:3    | Identified the staff of air "Jypsickah" {rElec rC+ rN+
                  | Str-5}
 47578 | Elf:3    | Identified the staff of earth "Furuciow" {+Blink Str+4}
 47590 | Elf:3    | You add the spell Fire Storm to your library.
 47590 | Elf:3    | Got the Anthology of Hurting
 47603 | Elf:3    | You add the spell Conjure Ball Lightning to your library.
 47603 | Elf:3    | Got Sif Muna's Almanac of Discontinuous Vapour
 47612 | Elf:3    | You add the spells Shock and Swiftness to your library.
 47613 | Elf:3    | Identified the staff of earth "Ufekladd" {rF++ rC++ Will-}
 47622 | Elf:3    | Identified the staff of air "Motti Amui" {rElec rF+}
 48115 | Depths:1 | Entered Level 1 of the Depths
 48211 | Depths:1 | Reached skill level 21 in Fighting
 48307 | Depths:1 | Found a white marble altar of Elyvilon.
 48492 | Depths:1 | Found a gateway to Hell.
 48676 | Depths:1 | Found an iron altar of Okawaru.
 48696 | Depths:1 | You add the spells Eringya's Noxious Bog and Necromutation
                  | to your library.
 48696 | Depths:1 | Got the Handbook of the Death Scarab
 48847 | Depths:2 | Found Otianied's Distillery.
 48871 | Depths:2 | Found Emo Qoul's Distillery.
 48895 | Depths:2 | Found Uro Corr's Weapon Shop.
 48907 | Depths:2 | Bought a potion of haste for 140 gold pieces
 48907 | Depths:2 | Bought a potion of curing for 42 gold pieces
 48907 | Depths:2 | Bought a potion of might for 56 gold pieces
 48907 | Depths:2 | Bought a potion of haste for 140 gold pieces
 48907 | Depths:2 | Bought a potion of might for 56 gold pieces
 48907 | Depths:2 | Bought a potion of curing for 42 gold pieces
 48909 | Depths:2 | Bought a potion of haste for 110 gold pieces
 48909 | Depths:2 | Bought a potion of heal wounds for 55 gold pieces
 48909 | Depths:2 | Bought a potion of resistance for 110 gold pieces
 48909 | Depths:2 | Bought 2 potions of resistance for 220 gold pieces
 48909 | Depths:2 | Bought a potion of might for 44 gold pieces
 49037 | Depths:2 | Found the +10 dark maul {heavy}
 49060 | Depths:2 | Reached skill level 22 in Fighting
 49826 | Depths:2 | Found a one-way gate leading to the halls of Pandemonium.
 49964 | Depths:3 | Reached skill level 8 in Evocations
 50174 | Depths:3 | Reached skill level 9 in Evocations
 50323 | Depths:3 | Reached XP level 27. HP: 184/184 MP: 36/36
 50600 | Depths:3 | Reached skill level 23 in Unarmed Combat
 50600 | Depths:3 | Reached skill level 10 in Evocations
 50653 | Depths:3 | Found a one-way gateway to a ziggurat.
 50934 | Depths:3 | Found a one-way gate to the infinite horrors of the Abyss.
 51405 | Depths:4 | Entered Level 4 of the Depths
 51581 | Depths:4 | Noticed Xtahua
 51598 | Depths:4 | Killed Xtahua
 52161 | Depths:4 | Found a gate to the Realm of Zot.
 52388 | Depths:4 | Found a stormy altar of Qazlal.
 52471 | Depths:3 | Voluntarily entered the Abyss.
 52498 | Abyss:4  | Identified the +0 flail of Enadeos {freeze, Contam MP+9
                  | Str-4 Dex+7}
 52767 | Abyss:4  | Found a corrupted altar of Lugonu.
 52814 | Abyss:4  | Reached skill level 11 in Evocations
 52817 | Abyss:4  | Gained mutation: You sometimes lose the ability to read
                  | scrolls when taking damage. [a neqoxec]
 53047 | Abyss:4  | Got an abyssal rune of Zot
 53071 | Abyss:5  | Found a corrupted altar of Lugonu.
 53074 | Depths:3 | You pass through the gate.
 53074 | Depths:3 | Escaped the Abyss
 53123 | Zot:1    | Entered Level 1 of the Realm of Zot
 53159 | Zot:1    | quicksilver dragon scales {rare}; a quicksilver dragon
                  | corpse
 53186 | Zot:1    | quicksilver dragon scales {rare}; a quicksilver dragon
                  | corpse
 53384 | Zot:1    | Reached skill level 19 in Invocations
 53398 | Zot:1    | Identified the amulet "Wischaridd" {rN+ Regen+}
 53846 | Zot:1    | Reached skill level 21 in Armour
 54125 | Zot:2    | You add the spell Fulminant Prism to your library.
 54152 | Zot:2    | You add the spells Simulacrum and Polar Vortex to your
                  | library.
 54196 | Zot:2    | Noticed an orb of fire
 54214 | Zot:2    | Killed an orb of fire
 54215 | Zot:2    | Reached skill level 23 in Fighting
 54236 | Zot:2    | +0 shadow dragon scales {rare}; a shadow dragon corpse
 54237 | Zot:2    | quicksilver dragon scales {rare}; a quicksilver dragon
                  | corpse
 54292 | Zot:2    | quicksilver dragon scales {rare}; a quicksilver dragon
                  | corpse
 54490 | Zot:2    | +0 storm dragon scales {rare}; a storm dragon corpse
 54508 | Zot:2    | Reached skill level 12 in Evocations
 54747 | Zot:2    | Identified +0 gold dragon scales
 54748 | Zot:2    | Reached skill level 24 in Unarmed Combat
 54755 | Zot:2    | +0 gold dragon scales {rare}; a golden dragon corpse
 55624 | Zot:3    | Noticed a curse toe
 55629 | Zot:3    | Killed a curse toe
 55638 | Zot:3    | Reached skill level 20 in Invocations
 55642 | Zot:3    | +0 shadow dragon scales {rare}; a shadow dragon corpse
 56208 | Zot:4    | Reached skill level 22 in Armour
 56363 | Zot:4    | Identified +0 gold dragon scales
 56365 | Zot:4    | +0 gold dragon scales {rare}; a +0 dire flail; a golden
                  | dragon corpse
 56464 | Zot:4    | Reached skill level 25 in Unarmed Combat
 56485 | Zot:4    | HP: 37/188 [Killer Klown/+12 club of venom (14)]
 56487 | Zot:4    | HP: 11/188 [Killer Klown/klown pie (26)]
 56487 | Zot:4    | Slain by a quicksilver dragon

Vanquished Creatures
  A dread lich (Abyss:4)
  An orb of fire (Zot:2)
  Khufu (Crypt:2)
  2 royal mummies (Crypt:2)
  Saint Roka (Elf:2)
  6 Killer Klowns
  Xtahua (Depths:4)
  A curse toe (Zot:3)
  4 golden dragons
  3 bone dragons
  An iron giant (Depths:2)
  16 tentacled monstrosities
  2 hellephants (Abyss:4)
  Asterion (Vaults:3)
  5 liches
  2 walking crystal tomes (Depths:2)
  6 quicksilver dragons
  A walking frostbound tome (Depths:3)
  3 deep elf blademasters
  5 deep elf master archers
  4 ancient champions
  A sphinx (Vaults:1)
  A kraken (Shoals:1)
  7 storm dragons
  6 death cobs
  19 tentacled starspawn (Abyss:4)
  Polyphemus (Shoals:4)
  An Executioner (Abyss:4)
  6 shadow dragons
  12 nagarajas
  6 draconian monks
  4 tengu reavers
  An azure jelly (shapeshifter) (Depths:3)
  3 revenants
  Donald (Shoals:1)
  3 draconian knights
  An iron dragon (Depths:3)
  5 frost giants
  5 fire giants
  2 draconian scorchers
  14 vault wardens
  Louise (Elf:2)
  Aizul (Snake:2)
  7 deep elf sorcerers
  A balrug (Abyss:4)
  A ghost moth (Zot:4)
  2 curse skulls (Crypt:1)
  5 draconian shifters
  7 ghouls
  12 ironbound thunderhulks
  4 deep elf elementalists
  5 draconian annihilators
  2 draconian stormcallers
  A reaper (Depths:3)
  4 orc warlords
  23 ironbound preservers
  2 starflowers (Abyss:4)
  3 spriggan defenders
  A juggernaut zombie (Crypt:1)
  A war gargoyle (Vaults:4)
  13 very ugly things
  A broodmother (shapeshifter) (Elf:1)
  10 vampire knights
  7 green draconians
  18 stone giants
  5 deep elf demonologists
  12 yellow draconians
  8 black draconians
  5 deep elf annihilators (Elf:3)
  A putrid mouth (Abyss:4)
  Azrael (Elf:2)
  8 dire elephants
  A minotaur (Gauntlet)
  12 purple draconians
  12 red draconians
  14 white draconians
  A lorocyproca (Abyss:4)
  An eidolon (Crypt:1)
  7 spark wasps
  4 ettins
  3 merfolk javelineers (Shoals:4)
  4 deep elf death magi
  Snorg (D:14)
  A crystal guardian (Vaults:4)
  8 jiangshi
  9 merfolk impalers
  Josephine (Shoals:1)
  10 fire dragons
  9 yaktaur captains
  3 deep elf high priests
  7 great orbs of eyes
  An entropy weaver (Vaults:2)
  Fannar (Lair:1)
  2 vault guards (Vaults:1)
  5 rakshasas
  2 spriggan air magi
  A spriggan zombie (Crypt:1)
  2 catoblepae
  A spriggan skeleton (Abyss:4)
  9 ice dragons
  4 salamander tyrants
  Erolcha (D:13)
  4 merfolk avatars
  11 hydras
  A juggernaut simulacrum (Depths:1)
  11 centaur warriors
  3 alligator snapping turtles
  3 merfolk aquamancers
  2 hell beasts (Depths:3)
  A peacekeeper (Vaults:4)
  A fenstrider witch skeleton (Crypt:1)
  7 ironbound frosthearts
  6 anacondas
  3 satyrs
  29 dancing weapons
  11 two-headed ogres
  10 deep troll earth magi
  An alligator (Shoals:2)
  7 death yaks
  25 naga warriors
  7 boulder beetles
  7 deep troll shamans
  5 tengu warriors
  6 vampire magi
  2 death knights
  13 naga sharpshooters
  8 thrashing horrors (Abyss:4)
  A hell hog (Gauntlet)
  2 titan zombies
  An orc high priest (Orc:2)
  3 spriggan berserkers
  A hell knight (Depths:3)
  10 wretched stars
  21 deep elf knights
  3 shock serpents
  A storm dragon zombie (Crypt:1)
  5 sun demons
  Nergalle (Orc:2)
  33 skeletal warriors
  4 soul eaters
  A bunyip zombie (Crypt:1)
  5 skysharks
  A titan skeleton (Crypt:1)
  10 iron trolls
  9 salamander mystics
  4 sixfirhies (Abyss:4)
  Lodul (D:13)
  A goliath frog (Shoals:2)
  A shadow wraith (Abyss:4)
  17 sea snakes
  A death drake (Abyss:4)
  Amaemon (D:8)
  7 naga ritualists
  A quicksilver dragon simulacrum (Abyss:4)
  2 flayed ghosts
  A bog body (Crypt:2)
  A glowing orange brain (shapeshifter) (Vaults:4)
  74 deep trolls
  A shadow dragon zombie (Depths:1)
  Pikel (D:9)
  12 deep elf archers
  12 wizards
  4 phantasmal warriors
  17 harpies
  3 glowing orange brains
  15 ironbound convokers
  A bunyip skeleton (Crypt:1)
  An orange crystal statue (D:10)
  A lindwurm (shapeshifter) (Depths:2)
  14 lindwurms
  9 necromancers
  13 orc knights
  11 mana vipers
  34 deep elf zephyrmancers
  10 fauns
  31 ugly things
  26 deep elf pyromancers
  6 orc sorcerers
  2 wolf spiders (Lair:5)
  23 manticores
  A frost giant zombie (Depths:1)
  2 salamanders (shapeshifter) (Elf:1)
  2 oklob plants
  10 cyclopes
  An iron dragon skeleton (Crypt:1)
  3 worldbinders (Abyss:4)
  15 moths of wrath
  A sphinx skeleton (Depths:1)
  An apocalypse crab (Abyss:4)
  20 salamanders
  A smoke demon (Abyss:4)
  3 ice statues (IceCv)
  6 merfolk sirens
  10 guardian serpents
  18 naga magi
  11 vault sentinels
  A fire giant skeleton (Crypt:1)
  A water nymph (shapeshifter) (Depths:3)
  A demonic crawler (Abyss:4)
  2 orange demons
  14 cane toads
  10 water nymphs
  39 black mambas
  4 unseen horrors
  4 gargoyles
  5 kobold demonologists
  A yaktaur zombie (Vaults:1)
  2 centaur skeletons (Crypt:1)
  5 torpor snails (Lair:5)
  2 hellions (Abyss:4)
  3 rime drakes
  28 yaktaurs
  An iron troll zombie (Crypt:1)
  4 tengu conjurers
  An anaconda simulacrum (IceCv)
  3 freezing wraiths
  An ice devil (Depths:3)
  Maggie (D:7)
  17 komodo dragons
  A rime drake (shapeshifter) (D:15)
  A queen bee (D:10)
  A yellow draconian skeleton (Crypt:2)
  4 guardian mummies (Crypt:1)
  4 trolls
  8 ancient zymes (Abyss:4)
  3 tormentors
  2 hellwings (Abyss:4)
  A tengu simulacrum (Depths:1)
  18 merfolk
  A mana viper skeleton (Crypt:2)
  A hornet (shapeshifter) (Abyss:4)
  4 polar bears
  13 wind drakes
  Prince Ribbit (D:9)
  A tarantella (shapeshifter) (Depths:3)
  26 blink frogs
  13 hornets
  14 raiju
  18 dream sheep
  3 tyrant leeches (Lair:5)
  3 ettin zombies (Crypt:1)
  A harpy skeleton (Crypt:1)
  9 snapping turtles
  44 slime creatures
  A jumping spider (shapeshifter) (Elf:3)
  2 centaur simulacra (D:12)
  11 flying skulls
  2 shadows
  4 ynoxinuls
  3 spriggans
  7 wraiths
  A dire elephant simulacrum (IceCv)
  11 air elementals
  59 yaks
  4 vampires
  3 ettin skeletons
  An elf zombie (Vaults:1)
  5 chaos spawn (Abyss:4)
  29 water elementals
  15 wyverns
  7 fire elementals
  10 fire bats
  6 golden eyes (Abyss:4)
  4 basilisks
  Eustachio (D:5)
  2 steam dragons
  A yaktaur simulacrum (Vaults:1)
  A wind drake skeleton (Crypt:2)
  5 vampire mosquitoes
  5 neqoxecs
  2 redbacks (Lair:5)
  A death yak simulacrum (IceCv)
  20 large abominations
  Menkaure (D:7)
  2 wargs
  14 small abominations (Abyss:4)
  5 acid dragons
  33 nagas
  A hydra simulacrum (IceCv)
  20 water moccasins
  A floating eye (Depths:3)
  10 hell hounds
  A floating eye (shapeshifter) (D:15)
  46 orc warriors
  An ice beast (D:6)
  5 sky beasts
  A spriggan simulacrum (Depths:1)
  A black bear (shapeshifter) (Elf:1)
  4 boggarts (D:15)
  11 ogres
  12 wolves
  66 starcursed masses (Abyss:4)
  2 lemures (D:9)
  11 centaurs
  A phantom (D:6)
  7 kobold brigands
  Blork the orc (D:5)
  14 bullfrogs
  2 gnoll sergeants
  13 scorpions
  5 earth elementals
  13 wights
  A cane toad simulacrum (IceCv)
  A queen bee zombie (Crypt:1)
  34 killer bees
  2 elephant simulacra (IceCv)
  7 electric eels
  3 howler monkeys (D:12)
  8 crimson imps (Abyss:4)
  The ghost of Mefist the Digger, a weakling DEEE (D:3)
  2 quasits
  6 jellies
  18 orc priests
  6 human zombies
  3 centaur zombies
  A hound (D:4)
  Crazy Yiuf (D:7)
  6 iron imps (Abyss:4)
  A sleepcap (D:4)
  Terence (D:2)
  An iguana (D:5)
  5 scorpion zombies (Ossuary)
  30 orc wizards
  A polar bear simulacrum (IceCv)
  A killer bee zombie (Crypt:1)
  A wolf simulacrum (IceCv)
  A hound zombie (Crypt:2)
  7 mummies
  Robin (D:2)
  9 gnolls
  9 adders
  5 shadow imps (Abyss:4)
  8 white imps
  An ufetubus (D:6)
  3 dart slugs
  90 orcs
  7 spectral bats (Abyss:4)
  13 bats
  A bat zombie (Crypt:1)
  7 endoplasms
  4 giant cockroaches
  A gnoll zombie (Ossuary)
  17 goblins
  12 hobgoblins
  2 jackals (D:4)
  17 kobolds
  6 quokkas
  5 ball pythons
  4 bat simulacra (Abyss:4)
  4 frilled lizards
  3 goblin zombies (Ossuary)
  2 hobgoblin zombies (Ossuary)
  3 kobold zombies (Ossuary)
  4 orc zombies (Ossuary)
  A quokka skeleton (Crypt:1)
  A rat (D:1)
  A lurking horror (Abyss:4)
  3 spectral weapons (Vaults:3)
  7 starspawn tentacles (Abyss:4)
  4 tentacles (Shoals:1)
2511 creatures vanquished.

Vanquished Creatures (collateral kills)
  A vault warden (Vaults:4)
  A thrashing horror (Abyss:4)
  A manticore (Shoals:2)
  An unseen horror (Abyss:4)
  A yaktaur (Vaults:4)
  A raiju (Abyss:4)
  An air elemental (Shoals:4)
  A ynoxinul (Abyss:4)
  A neqoxec (Abyss:4)
  A small abomination (Abyss:4)
10 creatures vanquished.

Vanquished Creatures (others)
  Agnes (Vaults:3)
  A merfolk impaler (Shoals:4)
  An iron troll (Depths:3)
  A deep elf pyromancer (Elf:3)
  An ugly thing (IceCv)
  A deep elf zephyrmancer (Elf:1)
  A black mamba (Snake:4)
  A yaktaur (Vaults:3)
  A wind drake (Shoals:4)
  A fire elemental (Elf:2)
  A chaos spawn (Abyss:4)
  A starcursed mass (Abyss:4)
  A spectral bat (Abyss:4)
  A quokka (Depths:1)
  A lurking horror (Abyss:4)
  39 starspawn tentacles (Abyss:4)
  17 tentacles (Shoals:1)
71 creatures vanquished.

Grand Total: 2592 creatures vanquished

Table legend:
 A = Non-vault XP
 B = Vault XP
 C = Vault XP percentage of total XP
 D = Non-vault monster count
 E = Vault monster count
 F = Vault count percentage of total count
                 A         B        C        D         E       F
            +---------+---------+-------+---------+---------+-------
      Total |  838890 |  484555 |  36.6 |    1652 |     861 |  34.3
            +---------+---------+-------+---------+---------+-------
        D:1 |      43 |       0 |   0.0 |      24 |       0 |   0.0
        D:2 |      90 |      73 |  44.8 |      18 |      14 |  43.8
        D:3 |     109 |     155 |  58.7 |      18 |      10 |  35.7
        D:4 |     280 |       0 |   0.0 |      29 |       0 |   0.0
        D:5 |     433 |     287 |  39.9 |       8 |       2 |  20.0
        D:6 |     723 |     311 |  30.1 |      16 |       4 |  20.0
        D:7 |     670 |     550 |  45.1 |      14 |       3 |  17.6
        D:8 |    2098 |    2589 |  55.2 |      21 |      12 |  36.4
        D:9 |    2090 |    3104 |  59.8 |      21 |       8 |  27.6
       D:10 |    2000 |    5364 |  72.8 |      16 |      42 |  72.4
       D:11 |    5725 |       0 |   0.0 |      22 |       0 |   0.0
       D:12 |    7039 |     895 |  11.3 |      20 |       6 |  23.1
       D:13 |    6553 |    6482 |  49.7 |      20 |      16 |  44.4
       D:14 |    8828 |     942 |   9.6 |      20 |       1 |   4.8
       D:15 |   13048 |    4406 |  25.2 |      41 |       8 |  16.3
     Lair:1 |    6655 |    2607 |  28.1 |      26 |       6 |  18.8
     Lair:2 |    5754 |    1148 |  16.6 |      25 |       2 |   7.4
     Lair:3 |    7035 |    1764 |  20.0 |      15 |       4 |  21.1
     Lair:4 |    5708 |     640 |  10.1 |      22 |       6 |  21.4
     Lair:5 |   18384 |   18218 |  49.8 |      63 |      54 |  46.2
   Shoals:1 |   10647 |    3079 |  22.4 |      20 |       6 |  23.1
   Shoals:2 |   22130 |    3479 |  13.6 |      41 |       5 |  10.9
   Shoals:3 |   11941 |       0 |   0.0 |      23 |       0 |   0.0
   Shoals:4 |   21119 |   29855 |  58.6 |      45 |      64 |  58.7
    Snake:1 |    8591 |    6545 |  43.2 |      19 |      10 |  34.5
    Snake:2 |   26072 |    2555 |   8.9 |      55 |       5 |   8.3
    Snake:3 |   13252 |    3726 |  21.9 |      23 |       6 |  20.7
    Snake:4 |   17103 |   37302 |  68.6 |      32 |      46 |  59.0
      Orc:1 |    1757 |    1466 |  45.5 |      34 |      22 |  39.3
      Orc:2 |    4559 |   10216 |  69.1 |      27 |      37 |  57.8
      Elf:1 |   26146 |    8550 |  24.6 |      48 |      17 |  26.2
      Elf:2 |   12871 |   37291 |  74.3 |      19 |      54 |  74.0
      Elf:3 |   17149 |   25927 |  60.2 |      31 |      21 |  40.4
   Vaults:1 |   26517 |   30827 |  53.8 |      37 |      37 |  50.0
   Vaults:2 |   20415 |   17456 |  46.1 |      30 |      21 |  41.2
   Vaults:3 |   30689 |   47943 |  61.0 |      47 |      59 |  55.7
   Vaults:4 |   31823 |   19349 |  37.8 |      52 |      25 |  32.5
    Crypt:1 |   53540 |    4871 |   8.3 |      85 |       6 |   6.6
    Crypt:2 |   13552 |   11699 |  46.3 |      19 |       4 |  17.4
   Depths:1 |   21130 |       0 |   0.0 |      29 |       0 |   0.0
   Depths:2 |   39335 |    9642 |  19.7 |      46 |       7 |  13.2
   Depths:3 |   44776 |   31884 |  41.6 |      54 |      34 |  38.6
   Depths:4 |   20763 |   23767 |  53.4 |      26 |      18 |  40.9
      Zot:1 |   39177 |   18733 |  32.3 |      34 |      14 |  29.2
      Zot:2 |   46319 |       0 |   0.0 |      35 |       0 |   0.0
      Zot:3 |   35408 |       0 |   0.0 |      29 |       0 |   0.0
      Zot:4 |   38702 |       0 |   0.0 |      26 |       0 |   0.0
    Abyss:2 |    1002 |       0 |   0.0 |       3 |       0 |   0.0
    Abyss:4 |   89140 |   39275 |  30.6 |     224 |      84 |  27.3
    Ossuary |       0 |    1133 | 100.0 |       0 |      34 | 100.0
      IceCv |       0 |    3424 | 100.0 |       0 |      14 | 100.0
   Gauntlet |       0 |    5026 | 100.0 |       0 |      13 | 100.0
            +---------+---------+-------+---------+---------+-------

Skill      XL: |  1  2  3  4  5  6  7  8  9 10 11 12 13 14 15 16 17 18 19 20 21 22 23 24 25 26 27 |
---------------+----------------------------------------------------------------------------------+-----
Unarmed Combat | 1 2 3 12 13 14 15 16 17 18 19 20 21 22 25 | 25.0
Fighting       | 3 4 7 8 9 12 14 15 16 18 19 20 22 23 | 23.0
Armour         | 6 8 11 12 14 15 16 18 20 22 | 22.0
Dodging        | 2 4 6 7 8 |  8.0
Evocations     | 2 5 6 7 9 12 | 12.0
Invocations    | 1 2 5 9 10 11 13 15 17 18 20 | 20.0
Shields        | 6 9 11 12 14 15 | 15.0
Axes           | 9 10 11 12 14 | 14.1
Short Blades   | |  1.7
Throwing       | |  1.7
Stealth        | |  4.3

Action                     |  1- 3 |  4- 6 |  7- 9 | 10-12 | 13-15 | 16-18 | 19-21 | 22-24 | 25-27 || total
---------------------------+-------+-------+-------+-------+-------+-------+-------+-------+-------++-------
  Melee: Dagger            |   111 |    31 |       |       |       |       |       |       |       ||   142
         Punch             |     4 |     6 |    13 |    27 |       |       |       |       |       ||    50
         Unarmed           |       |   128 |   179 |   665 |  1441 |  2012 |  2063 |   406 |  2879 ||  9773
         Broad axe         |       |       |       |       |       |       |    66 |   366 |   277 ||   709
  Throw: Dart              |     2 |       |       |     1 |       |       |       |       |       ||     3
 Invoke: Brand Weapon With |       |       |       |       |       |     1 |       |       |       ||     1
         Cleansing Flame   |       |       |       |       |       |       |       |     6 |    40 ||    46
  Evoke: Wand              |       |       |       |    13 |     5 |       |     3 |       |     2 ||    23
         Condenser vane    |       |       |       |     1 |     1 |     2 |     3 |       |     4 ||    11
         Box of beasts     |       |       |       |       |       |       |     3 |       |     1 ||     4
         Phantom mirror    |       |       |       |       |       |       |     1 |       |       ||     1
    Use: Potion            |       |     2 |     3 |     2 |       |       |     5 |     2 |    15 ||    29
         Scroll            |       |     4 |     3 |     7 |    14 |    11 |     6 |       |     7 ||    52
   Stab: Sleeping          |    11 |       |       |       |       |       |       |       |       ||    11
 Armour: Robe              |    14 |       |       |       |       |       |       |       |       ||    14
         Leather armour    |     4 |       |       |       |       |       |       |       |       ||     4
         Chain mail        |    39 |    80 |    66 |    85 |       |       |       |       |       ||   270
         Plate armour      |       |       |       |   222 |   755 |   786 |  1105 |   453 |  1569 ||  4890
         Skin              |       |       |       |       |       |       |     1 |       |     2 ||     3
  Dodge: Dodged            |    46 |    32 |    42 |   329 |   779 |  1028 |  1343 |   364 |  1560 ||  5523
  Block: Buckler           |       |       |       |    48 |   422 |   297 |       |       |       ||   767
         Kite shield       |       |       |       |       |       |   457 |  1196 |   443 |  1871 ||  3967

Illustrated notes

Table legend:
 A = Kills in this place as a percentage of kills in the entire game.
 B = Kills by you in this place as a percentage of kills by you in the entire game.
 C = Kills by friends in this place as a percentage of kills by friends in the entire game.
 D = Other kills in this place as a percentage of other kills in the entire game.
 E = Experience gained in this place as a percentage of experience gained in the entire game.
 F = Experience gained in this place divided by the number of levels of this place that you have seen.
                   A       B       C       D       E      F
               +-------+-------+-------+-------+-------+----------------------
         Total | 100.0 | 100.0 | 100.0 | 100.0 | 100.0 | 23218.3
       Dungeon |  17.3 |  17.4 |   0.0 |   0.0 |   5.7 | 4992.5
          Lair |   8.9 |   8.9 |   0.0 |   0.0 |   5.1 | 13582.6
        Shoals |   8.1 |   8.0 |  20.0 |  22.2 |   7.7 | 25562.5
     Snake Pit |   7.8 |   7.9 |   0.0 |   0.0 |   8.7 | 28786.5
  Orcish Mines |   4.8 |   4.8 |   0.0 |   0.0 |   1.4 | 8999.0
   Elven Halls |   7.6 |   7.5 |   0.0 |  22.2 |   9.7 | 42644.7
        Vaults |  12.3 |  12.2 |  20.0 |  22.2 |  17.0 | 56254.8
         Crypt |   4.5 |   4.6 |   0.0 |   0.0 |   6.3 | 41831.0
        Depths |   8.5 |   8.5 |   0.0 |  11.1 |  14.5 | 47824.2
           Zot |   5.5 |   5.5 |   0.0 |   0.0 |  13.5 | 44584.8
         Abyss |  12.4 |  12.2 |  60.0 |  11.1 |   9.8 | 18488.1
       Ossuary |   1.4 |   1.4 |   0.0 |   0.0 |   0.1 | 1133.0
      Ice Cave |   0.6 |   0.5 |   0.0 |  11.1 |   0.3 | 3424.0
      Gauntlet |   0.5 |   0.5 |   0.0 |   0.0 |   0.4 | 5026.0
               +-------+-------+-------+-------+-------+----------------------

Table legend: (Time is in decaauts)
 A = Elapsed time spent in this place.
 B = Non-inter-level travel time spent in this place.
 C = Inter-level travel time spent in this place.
 D = Time resting spent in this place.
 E = Time spent auto-exploring this place.
 F = Levels seen in this place.
 G = Mean time per level.
                   A        B        C        D        E       F      G
               +--------+--------+--------+--------+--------+-----+--------+
         Total |  53636 |  49356 |   4280 |   4032 |  28883 |  57 |  941.0 |
       Dungeon |  14364 |  12484 |   1880 |    797 |   8378 |  15 |  957.6 |
          Lair |   6174 |   5737 |    437 |    333 |   3901 |   5 | 1234.8 |
        Shoals |   3931 |   3763 |    168 |    320 |   2010 |   4 |  982.8 |
     Snake Pit |   4888 |   4474 |    414 |    328 |   2572 |   4 | 1222.0 |
  Orcish Mines |   2268 |   1897 |    371 |    208 |   1104 |   2 | 1134.0 |
   Elven Halls |   4985 |   4609 |    376 |    659 |   2466 |   3 | 1661.7 |
        Vaults |   6080 |   5826 |    254 |    578 |   3396 |   4 | 1520.0 |
         Crypt |   1526 |   1410 |    116 |     81 |    770 |   2 |  763.0 |
        Depths |   4016 |   3836 |    180 |    241 |   2357 |   4 | 1004.0 |
           Zot |   3054 |   2974 |     80 |    281 |   1705 |   4 |  763.5 |
         Abyss |   1308 |   1308 |      0 |    102 |     17 |   7 |  186.9 |
       Ossuary |    333 |    333 |      0 |     48 |     93 |   1 |  333.0 |
      Ice Cave |    213 |    213 |      0 |     29 |      7 |   1 |  213.0 |
      Gauntlet |    490 |    490 |      0 |     23 |    107 |   1 |  490.0 |
               +--------+--------+--------+--------+--------+-----+--------+

Top non-repeatable levels by time:
   Elf:2: 2291 daAuts
 Snake:4: 1854 daAuts
  Lair:5: 1795 daAuts
Vaults:3: 1665 daAuts
Vaults:1: 1637 daAuts
   Orc:2: 1596 daAuts
    D:10: 1595 daAuts
   Elf:3: 1552 daAuts
Vaults:2: 1498 daAuts
    D:15: 1345 daAuts
  Lair:1: 1310 daAuts
Vaults:4: 1279 daAuts
Depths:3: 1266 daAuts
 Snake:1: 1254 daAuts
     D:5: 1245 daAuts
